 Dungeon Crawl Stone Soup version 0.30-a0-726-gd89dcf765f (webtiles) character file.

Game seed: 3360280901859410384

229 hbarley the Chopper (level 6, -2/48 HPs)
             Began as a Human Monk on Jan 29, 2023.
             Slain by a gnoll
             ... wielding a +0 halberd
              (5 damage)
             ... on level 3 of the Dungeon.
             The game lasted 00:10:21 (2805 turns).

hbarley the Chopper (Human Monk)                    Turns: 2805, Time: 00:10:22

Health: -2/48      AC:  9    Str: 13    XL:     6   Next: 23%
Magic:  6/6        EV:  5    Int: 11    God:
Gold:   123        SH:  8    Dex: 15    Spells: 5/5 levels left

rFire   . . .      SeeInvis .    a - +0 hand axe
rCold   . . .      Faith    .    w - +0 kite shield
rNeg    . . .      Spirit   .    i - +0 chain mail
rPois   .          Reflect  .    (no helmet)
rElec   .          Harm     .    (no cloak)
rCorr   .          Rampage  .    v - +0 pair of gloves
Will    .....                    (no boots) Stlth
                                 (no amulet)
HPRegen 0.28/turn                (no ring)
MPRegen 0.10/turn                (no ring)

@: no status effects
A: no striking features
a: no special abilities


You were on level 3 of the Dungeon.
You visited 1 branch of the dungeon, and saw 3 of its levels.

You collected 123 gold pieces.

Inventory:

Hand Weapons
 a - a +0 hand axe (weapon)
Missiles
 t - a throwing net (quivered)
Armour
 b - a +0 robe
 d - a +0 leather armour
 i - a +0 chain mail (worn)
 v - a +0 pair of gloves (worn)
 w - a +0 kite shield (worn)
Magical Staves
 c - a staff of conjuration
Scrolls
 e - a scroll of magic mapping {unknown}
 g - 4 scrolls of teleportation {unknown}
 h - 4 scrolls of identify {unknown}
 m - 2 scrolls of enchant armour {unknown}
 n - 2 scrolls of vulnerability {unknown}
 o - 2 scrolls of immolation {unknown}
 q - a scroll of butterflies {unknown}
 r - a scroll of noise {unknown}
 s - a scroll of fog {unknown}
Potions
 j - a potion of flight {unknown}
 k - 2 potions of degeneration {unknown}
 l - 2 potions of mutation {unknown}
 p - a potion of haste {unknown}
 u - 2 potions of lignification {unknown}
 x - a potion of berserk rage {unknown}


   Skills:
 + Level 3.9 Fighting
 + Level 4.7 Axes
 + Level 2.3 Armour
 + Level 3.5 Dodging
 - Level 2.0 Stealth
 + Level 1.0 Shields


You had 5 spell levels left.
You didn't know any spells.
Your spell library was empty.

Dungeon Overview and Level Annotations

Branches:
Dungeon (3/15)

Altars:

Shops:
D:2 ?   D:3 ?


Message History

You hit the gnoll.
You kill the gnoll!
The gnoll barely misses you.
You barely miss the gnoll. The gnoll barely misses you.
The gnoll hits you from afar with a +0 halberd.
You block the gnoll's attack. x2
You hit the gnoll.
The gnoll is moderately wounded.
The gnoll hits you with a +3 whip. The gnoll hits you but does no damage.
You hit the gnoll.
The gnoll is heavily wounded.
You block the gnoll's attack. x2
You barely miss the gnoll.
The gnoll is heavily wounded.
The gnoll barely misses you.
The gnoll hits you but does no damage. x2
The gnoll hits you with a +3 whip!
You hit the gnoll but do no damage.
The gnoll is heavily wounded.
The gnoll hits you with a +3 whip. You block the gnoll's attack.
You hit the gnoll.
The gnoll is severely wounded.
The gnoll hits you with a +3 whip. The gnoll hits you but does no damage.
You closely miss the gnoll.
The gnoll is severely wounded.
The gnoll hits you with a +3 whip.
The gnoll hits you from afar with a +0 halberd.
* * * LOW HITPOINT WARNING * * *
You barely miss the gnoll.
The gnoll is severely wounded.
The gnoll hits you but does no damage.
The gnoll hits you from afar with a +0 halberd.
* * * LOW HITPOINT WARNING * * *
The gnoll hits you from afar with a +0 halberd.
* * * LOW HITPOINT WARNING * * *
The gnoll hits you with a +3 whip.
* * * LOW HITPOINT WARNING * * *
You slash the gnoll!
You kill the gnoll!
The gnoll hits you from afar with a +0 halberd.
You die...

......# #.....# #.....#
#... # ......#### #... .#
#....)...# #.. ..#
#......### #.. ...#
#.....<..# #.# .....
#.....##.# #.#####......
#....).#.###.##.@)g.....
#......#.##.....###.....
#......#.##....#........
#......#.#.....#.##... .
#................# .......
#####.##..######## .......
..#............# .......
#...#..#######.# ##.......
##..#........#.###........


You could see a gnoll.

Vanquished Creatures
  An orc priest (D:3)
  Jessica (D:2)
  2 orc wizards (D:3)
  6 gnolls
  3 adders
  3 worms
  2 dart slugs
  3 orcs (D:3)
  2 bats
  An endoplasm (D:2)
  3 giant cockroaches
  A goblin (D:2)
  4 hobgoblins
  6 jackals
  4 quokkas
  2 frilled lizards
  A kobold (D:3)
  5 rats
50 creatures vanquished.

Vanquished Creatures (others)
  4 plants (D:1)
4 creatures vanquished.

Grand Total: 54 creatures vanquished

Notes
Turn   | Place    | Note
-------+----------+-------------------------------------------
     0 | D:1      | hbarley the Human Monk began the quest for the Orb.
     0 | D:1      | Reached XP level 1. HP: 18/18 MP: 1/1
   157 | D:1      | Reached XP level 2. HP: 15/24 MP: 2/2
   360 | D:1      | Reached XP level 3. HP: 29/29 MP: 3/3
  1046 | D:2      | Noticed Jessica
  1055 | D:2      | Killed Jessica
  1056 | D:2      | Reached XP level 4. HP: 27/35 MP: 4/4
  1205 | D:2      | Reached skill level 4 in Axes
  1205 | D:2      | Reached skill level 1 in Armour
  1818 | D:2      | Reached XP level 5. HP: 38/41 MP: 5/5
  1986 | D:2      | Found The Oracle's Delphic Readings.
  2443 | D:3      | Found Kinosch's Magic Scroll Emporium.
  2526 | D:3      | Reached XP level 6. HP: 24/48 MP: 6/6
  2692 | D:3      | Found a faded altar of an unknown god.
  2726 | D:3      | Reached skill level 1 in Shields
  2804 | D:3      | HP: 2/48 [gnoll/+3 whip (5)]
  2805 | D:3      | Slain by a gnoll

Illustrated notes

Levels and vault maps discovered:
D:1:      scummos_arrival_hexagon, layout_basic, serial_forest,
          infiniplex_forest_clump_large, infiniplex_forest_straight_3,
          infiniplex_forest_lined_room_, infiniplex_forest_zigzag_1,
          infiniplex_forest_end_2
D:2:      layout_loops_corners, nicolae_nh_oracle_at_delphi, uniq_jessica
D:3:      layout_basic, serial_shops, nicolae_shop_stone,
          chequers_ecumenical_altar_simple_redux

Skill      XL: |  1  2  3  4  5  6 |
---------------+-------------------+-----
Axes           | 4 |  4.7
Armour         | 1 2 |  2.3
Shields        | 1 |  1.0
Fighting       | |  3.9
Dodging        | |  3.5
Stealth        | |  2.0

Action                     |  1- 3 |  4- 6 || total
---------------------------+-------+-------++-------
  Melee: Hand axe          |    49 |   188 ||   237
         Punch             |       |     1 ||     1
    Use: Potion            |       |     2 ||     2
 Armour: Chain mail        |    38 |   117 ||   155
  Dodge: Dodged            |    11 |    52 ||    63
  Block: Kite shield       |       |    34 ||    34

Table legend: (Time is in decaauts)
 A = Elapsed time spent in this place.
 B = Non-inter-level travel time spent in this place.
 C = Inter-level travel time spent in this place.
 D = Time resting spent in this place.
 E = Time spent auto-exploring this place.
 F = Levels seen in this place.
 G = Mean time per level.
                   A        B        C        D        E       F      G
               +--------+--------+--------+--------+--------+-----+--------+
         Total |   2845 |   2523 |    322 |    347 |   1606 |   3 |  948.3 |
       Dungeon |   2845 |   2523 |    322 |    347 |   1606 |   3 |  948.3 |
               +--------+--------+--------+--------+--------+-----+--------+

Top non-repeatable levels by time:
     D:2: 1213 daAuts
     D:1: 993 daAuts
     D:3: 638 daAuts
